 Dungeon Sprint DCSS version 0.20-a0-1122-gb7cbeb9 (webtiles) character file.

100 potatolord6000 the Skirmisher (level 4, -1/55 HPs)
             Began as an Ogre Gladiator on May 11, 2017.
             Drowned by a water elemental (3 damage)
             ... in the Dungeon (Sprint III: "The Ten Rune Challenge").
             The game lasted 00:01:23 (306 turns).

potatolord6000 the Skirmisher (Ogre Gladiator)       Turns: 306, Time: 00:01:24

Health: -1/55      AC:  3    Str: 19    XL:     4   Next: 73%
Magic:  4/4        EV: 12    Int:  9    God:
Gold:   0          SH:  0    Dex: 10    Spells: 3/3 levels left

rFire    . . .     SeeInvis .   a - +0 flail
rCold    . . .     Gourm    .   (no shield)
rNeg     . . .     Faith    .   d - +0 robe {MR+}
rPois    .         Spirit   .   c - +0 hat
rElec    .         Reflect  .   (no cloak)
rCorr    .         Harm     .   (gloves unavailable)
MR       +....     NoTele   +   (boots unavailable)
Stlth    +.........             (no amulet)
Regen    0.2/turn               (no ring)
MPRegen  0.1/turn               (no ring)

@: engulfed (cannot breathe), hasted, very quick
A: unfitting armour, tough skin 1
a: no special abilities


You were in the Dungeon.
You were very full.

You visited 1 branch

Inventory:

Hand Weapons
 a - a +0 flail (weapon)
Armour
 c - a +0 hat (worn)
 d - a +0 robe of magic resistance (worn)
Scrolls
 k - a scroll of blinking
Potions
 i - 2 potions of magic
 j - a potion of berserk rage


   Skills:
 + Level 7.2 Fighting
 + Level 5.4 Maces & Flails
 - Level 2.0 Throwing
 + Level 5.4 Dodging


You had 3 spell levels left.
You didn't know any spells.

Dungeon Overview and Level Annotations

Branches:
Dungeon (1/1)

Altars:


Innate Abilities, Weirdness & Mutations

You are too large for most types of armour.
You have tough skin. (AC +1)


Message History

The water elemental closely misses you.
You sock the water elemental!
The water elemental is heavily damaged.
You sock the water elemental!
The water elemental is almost destroyed.
The water elemental hits you!
You completely miss the water elemental.
The water elemental is almost destroyed.
The water elemental hits you!
* * * LOW HITPOINT WARNING * * *
The water elemental engulfs you in water!
You barely miss the water elemental.
The water elemental is almost destroyed.
* * * LOW HITPOINT WARNING * * *
Your lungs strain for air!
The water elemental hits you!
* * * LOW HITPOINT WARNING * * *
You hit the water elemental.
The water elemental is almost destroyed.
You die...

▓▓▓▓▓▓▓ ▓▓▓ ..#(..####
##.# ..#......## #..#
.##....[..# #..#
#.##.##...# #..###+#+##
#.##.###..# +#..#.......
.####.##..# #...@.⌠.....
###..##..####...#E..####
.....##..###....#.⌠.#
##..##...##.....#...#
#..##....#......#+###
..###..##.#.....# [.
#..#####....# ▓▓ ▓▓▓▓
▓▓▓▓▓▓


You could see a water elemental.

Vanquished Creatures
  A scorpion (D)
  Jessica (D)
  A human (D)
  An ooze (D)
  A rat (D)
5 creatures vanquished.

Vanquished Creatures (others)
  2 draconian scorchers (D)
  6 hellions (D)
  A yaktaur (D)
  A plant (D)
10 creatures vanquished.

Grand Total: 15 creatures vanquished

Notes
Turn   | Place    | Note
-------+----------+-------------------------------------------
     0 | D        | potatolord6000 the Ogre Gladiator began the quest for the Orb.
     0 | D        | Reached XP level 1. HP: 22/22 MP: 1/1
    17 | D        | Reached skill level 3 in Fighting
    71 | D        | Killed a hellion
   101 | D        | Killed a yaktaur
   107 | D        | Killed a hellion
   126 | D        | Killed a hellion
   129 | D        | Killed a hellion
   148 | D        | Killed a hellion
   171 | D        | Killed a hellion
   206 | D        | Killed a white draconian scorcher
   218 | D        | Killed a white draconian scorcher
   232 | D        | Noticed Jessica
   236 | D        | Killed Jessica
   236 | D        | Reached skill level 5 in Fighting
   236 | D        | Reached XP level 2. HP: 35/35 MP: 2/2
   236 | D        | Reached XP level 3. HP: 42/42 MP: 3/3
   265 | D        | Noticed a scorpion
   275 | D        | Killed a scorpion
   275 | D        | Reached skill level 6 in Fighting
   275 | D        | Reached skill level 5 in Maces & Flails
   275 | D        | Reached skill level 5 in Dodging
   275 | D        | Reached XP level 4. HP: 21/53 MP: 4/4
   292 | D        | Reached skill level 7 in Fighting
   299 | D        | Noticed a water elemental
   305 | D        | HP: 2/55 [water elemental (7)]
   306 | D        | Drowned by a water elemental

Vault maps used:
D:        dungeon_sprint_mu

Skill      XL: |  1  2  3  4 |
---------------+-------------+-----
Fighting       | 5 6 7 |  7.2
Maces & Flails | 4 5 |  5.4
Dodging        | 4 5 |  5.4
Throwing       | |  2.0

Action                   |  1- 3 |  4- 6 || total
-------------------------+-------+-------++-------
Melee: Flail             |    19 |    22 ||    41
  Use: Potion            |     1 |     2 ||     3
  Eat: Bread ration      |     1 |       ||     1
Armor: Robe              |     1 |       ||     1
Dodge: Dodged            |    16 |    12 ||    28
